 Dungeon Crawl Stone Soup version 0.29.1-2-gbd0b4ee654 (webtiles) character file.

Game seed: 1330687137009816732

18580 GeoRichter the Destroyer (level 12, -1/72 HPs)
             Began as a Tengu Fire Elementalist on Nov 13, 2022.
             Was an Elder of Vehumet.
             Slain by an elephant (15 damage)
             ... on level 2 of the Lair of Beasts on Nov 14, 2022.
             The game lasted 00:31:14 (18676 turns).

GeoRichter the Destroyer (Tengu Fire Elementalist) Turns: 18676, Time: 00:31:15

Health: -1/72      AC: 11    Str:  9    XL:     12   Next: 60%
Magic:  2/25       EV: 16    Int: 21    God:    Vehumet [****..]
Gold:   524        SH:  5    Dex: 14    Spells: 17/27 levels left

rFire   . . .      SeeInvis .   y - +1 morningstar (flame)
rCold   . . .      Faith    .   m - +0 buckler
rNeg    . . .      Spirit   .   z - +0 acid dragon scales
rPois   +          Reflect  .   (helmet restricted)
rElec   .          Harm     .   C - +1 cloak {rCorr}
rCorr   +          Rampage  .   q - +0 pair of gloves
Will    +....                   (boots unavailable)
Stlth   ++........              (no amulet)
HPRegen 0.22/turn               w - ring of poison resistance
MPRegen 0.19/turn               B - ring of willpower

@: about to teleport, flying quickly and evasively, studying Stealth, quick
A: beak, talons 3, nimble flight
a: Renounce Religion


You were on level 2 of the Lair of Beasts.
You worshipped Vehumet.
Vehumet was greatly pleased with you.
You visited 3 branches of the dungeon, and saw 13 of its levels.

You collected 732 gold pieces.
You spent 208 gold pieces at shops.

Inventory:

Hand Weapons
 y - a +1 morningstar of flaming (weapon)
   (You took it off Maggie on level 5 of the Dungeon)
Armour
 m - a +0 buckler (worn)
   (You found it on level 3 of the Dungeon)
 q - a +0 pair of gloves (worn)
   (You found it on level 6 of the Dungeon)
 z - +0 acid dragon scales (worn)
   (You took it off Maggie on level 5 of the Dungeon)
 C - a +1 cloak of preservation (worn)
   (You took it off Maurice on level 8 of the Dungeon)
Jewellery
 w - a ring of poison resistance (left hand)
   (You found it on level 5 of the Dungeon)
 B - a ring of willpower (right hand)
   (You found it on level 7 of the Dungeon)
Wands
 s - a wand of polymorph (6)
   (You took it off Ijyb on level 3 of the Dungeon)
 A - a wand of mindburst (12)
   (You took it off a kobold brigand on level 6 of the Dungeon)
 D - a wand of paralysis (9)
   (You took it off Maurice on level 8 of the Dungeon)
 E - a wand of roots (4)
   (You took it off Grum on level 8 of the Dungeon)
Scrolls
 a - a scroll of poison {unknown}
 c - 2 scrolls of identify {@r1}
 d - 3 scrolls of magic mapping
 e - 3 scrolls of blinking
 g - 2 scrolls of immolation {unknown}
 i - 2 scrolls of vulnerability {!r}
 k - 4 scrolls of enchant armour
 l - 5 scrolls of amnesia
 n - 5 scrolls of teleportation {@r4}
 o - 2 scrolls of fear {unknown}
 x - 2 scrolls of fog {unknown}
Potions
 b - 3 potions of magic
 h - 3 potions of attraction {!q}
 j - 6 potions of curing {@q1}
 p - 2 potions of haste {@q3}
 r - 2 potions of cancellation {unknown}
 t - 4 potions of lignification {!q}
 u - a potion of brilliance {unknown}
 F - a potion of invisibility
 H - a potion of mutation {unknown}


   Skills:
 + Level 7.4 Fighting
 - Level 7.0 Armour
 - Level 7.5 Dodging
 - Level 2.0 Stealth
 - Level 5.0 Shields
 + Level 8.4 Spellcasting
 + Level 11.5 Conjurations
 + Level 11.4 Fire Magic


You had 17 spell levels left.
You knew the following spells:

 Your Spells              Type           Power      Damage    Failure   Level
a - Scorch                Fire           100%       2d10      1%          2
b - Foxfire               Conj/Fire      100%       2x1d9     1%          1
c - Flame Wave            Conj/Fire      54%        2d13      1%          4
d - Mephitic Cloud        Conj/Pois/Air  24%        N/A       2%          3

Your spell library contained the following spells:

 Spells                   Type           Power      Damage    Failure   Level
 Ignite Poison            Fire/Tmut/Pois 24%        N/A       2%          3
 Magic Dart               Conj           100%       1d8       1%          1
 Shock                    Conj/Air       100%       1d9       1%          1
 Conjure Flame            Conj/Fire      54%        6-21      1%          3
 Inner Flame              Hex/Fire       32%        N/A       1%          3
 Irradiate                Conj/Tmut      16%        3d17      11%         5
 Apportation              Tloc           16%        N/A       16%         1
 Necrotise                Necr           32%        1d5       16%         1
 Sting                    Tmut/Pois      32%        1d4       16%         1
 Summon Small Mammal      Summ           32%        N/A       16%         1
 Call Imp                 Summ           8%         N/A       22%         2
 Sublimation of Blood     Necr           8%         N/A       22%         2
 Airstrike                Air            4%         2d(1-17)  36%         4
 Ozocubu's Armour         Ice            8%         N/A       41%         3
 Swiftness                Air            8%         N/A       41%         3
 Vampiric Draining        Necr           8%         2d6       41%         3
 Petrify                  Tmut/Erth      8%         N/A       83%         4
 Agony                    Necr           8%         N/A       99%         5
 Alistair's Intoxication  Tmut/Pois      5%         N/A       99%         5
 Ozocubu's Refrigeration  Ice            4%         4d8       100%        7


Dungeon Overview and Level Annotations

Branches:
Dungeon (9/15) Zot: 25979  Temple (1/1) D:4 Zot: 5962    Lair (3/5) D:8 Zot: 13062
  Swamp: Lair:2-3    Shoals: Lair:2-3     Snake: Lair:2-3    Spider: Lair:2-3
    Orc: D:9-12

Altars:
Ashenzari
Dithmenos
Nemelex Xobeh
Okawaru
Sif Muna
Trog
Uskayaw
Vehumet
Wu Jian
Yredelemnul
The Shining One

Shops:
D:4 [   D:8 !   D:9 *


Innate Abilities, Weirdness & Mutations

You have a beak for a mouth.
You have claws for feet.
Your magical nature lets you fly swiftly and evasively.


Message History

Flames lash the elephant.
The elephant is burned terribly!
Flames lash the elephant.
The elephant is burned terribly!
You block the elephant's attack. The elephant misses you. x2
The elephant barely misses you.
Your magical contamination has completely faded away.
Flames lash the elephant.
The elephant is burned terribly!
You block the elephant's attack. x2
Flames lash the elephant.
The elephant is burned terribly!
You block the elephant's attack. The elephant closely misses you.
Flames lash the elephant.
The elephant is burned terribly!
The elephant barely misses you. The elephant trunk-slaps you.
You don't have enough magic to cast this spell.
You don't have enough magic to cast this spell.
You puncture the elephant! You burn the elephant.
You claw the elephant, but do no damage.
The elephant tramples you but does no damage.
The elephant closely misses you.
You hit the elephant. You burn the elephant.
You claw the elephant, but do no damage.
The elephant completely misses you. You block the elephant's attack.
The elephant tramples you!
* * * LOW HITPOINT WARNING * * *
You hold your ground!
You block the elephant's attack.
You barely miss the elephant.
You claw the elephant, but do no damage.
The elephant tramples you.
* * * LOW HITPOINT WARNING * * *
You hold your ground!
You block the elephant's attack.
Flames lash the elephant.
The elephant closely misses you. You block the elephant's attack.
You hit the elephant. You burn the elephant. You claw the elephant.
You peck the elephant, but do no damage.
The elephant barely misses you. x2; The elephant tramples you!
* * * LOW HITPOINT WARNING * * *
You hold your ground!
The elephant completely misses you.
Okay, then.
As you read the scroll of teleportation {@r4}, it crumbles to dust.
You feel strangely unstable. The elephant closely misses you.
You block the elephant's attack.
You hit the elephant but do no damage.
You claw the elephant, but do no damage.
Your peck misses the elephant. The elephant closely misses you.
The elephant trunk-slaps you but does no damage.
You hit the elephant. You burn the elephant.
You peck the elephant, but do no damage.
The elephant tramples you.
* * * LOW HITPOINT WARNING * * *
You hold your ground!
The elephant closely misses you. The elephant tramples you!
You die...

........#####.#......##
##.# .........#
###.#.....# #.##
.........## ###.#...#
##..# ..........##
#####.# #P.##
...........### ###
##.## ............P#
#..# .............#
#..# .........)...#####
#.## <.............##@#
#.## ..............YY##
#.##
.....####..#.##Y.###
##.#. ###.#.#
####.###.[Y## #†...
##.#### ### ##...#
##... #...# ##..###
##.). ..P##
#.##..#######.... .###
####.....#.#.<... .#
##...###......


You could see 3 elephants.

Vanquished Creatures
  A hydra (D:7)
  A two-headed ogre (D:9)
  Pikel (D:7)
  A lindwurm (Lair:2)
  Maurice (D:8)
  9 elephants
  A black mamba (Lair:1)
  6 cane toads
  Maggie (D:5)
  Psyche (D:8)
  3 komodo dragons
  13 blink frogs
  Prince Ribbit (D:6)
  Sigmund (D:3)
  2 shadows
  2 wyverns
  5 yaks (Lair:2)
  3 steam dragons
  A basilisk (Lair:1)
  Grum (D:8)
  3 nagas (Lair:3)
  4 water moccasins
  3 ice beasts
  3 sky beasts
  2 orc warriors (D:7)
  2 ogres
  7 wolves
  2 centaurs
  4 lemures (D:7)
  3 phantoms
  4 kobold brigands
  4 bullfrogs
  2 necrophages
  A gnoll sergeant (D:9)
  2 scorpions
  5 wights (D:4)
  The ghost of daba11 the Cudgeller, a weakling MiBe of Trog (D:3)
  4 killer bees (D:9)
  An electric eel (Lair:1)
  An orc priest (D:7)
  2 hounds
  3 jellies
  2 gnoll boudas (D:7)
  Ijyb (D:3)
  4 iguanas
  Terence (D:3)
  5 orc wizards
  4 hell rats (D:7)
  Robin (D:2)
  5 gnolls (D:9)
  5 river rats (D:7)
  9 adders
  A shadow imp (D:5)
  A white imp (D:6)
  An ufetubus (D:7)
  4 worms
  20 orcs
  10 ball pythons
  10 endoplasms
  3 giant cockroaches
  16 goblins
  4 hobgoblins
  8 jackals
  9 quokkas
  6 bats
  3 frilled lizards
  36 kobolds
  21 rats
308 creatures vanquished.

Vanquished Creatures (collateral kills)
  3 foxfires
3 creatures vanquished.

Vanquished Creatures (others)
  531 foxfires
  14 fungi
  9 plants
554 creatures vanquished.

Grand Total: 865 creatures vanquished

Notes
Turn   | Place    | Note
-------+----------+-------------------------------------------
     0 | D:1      | GeoRichter the Tengu Fire Elementalist began the quest for
                  | the Orb.
     0 | D:1      | Reached XP level 1. HP: 10/10 MP: 4/4
   427 | D:1      | Reached XP level 2. HP: 15/15 MP: 4/6
   594 | D:1      | Found a faded altar of an unknown god.
  1285 | D:2      | Reached XP level 3. HP: 19/19 MP: 4/7
  1400 | D:2      | Learned a level 2 spell: Scorch
  1403 | D:2      | Noticed Robin
  1410 | D:2      | Killed Robin
  2113 | D:2      | Reached XP level 4. HP: 14/24 MP: 1/8
  2671 | D:3      | Found a glowing golden altar of the Shining One.
  2861 | D:3      | Noticed Sigmund
  2869 | D:3      | Killed Sigmund
  2870 | D:3      | Reached skill level 5 in Fire Magic
  2870 | D:3      | Gained mutation: Your magical nature lets you fly swiftly
                  | and evasively. [Tengu growth]
  2870 | D:3      | Reached XP level 5. HP: 28/28 MP: 2/10
  2870 | D:3      | Reached XP level 6. HP: 32/32 MP: 2/11
  3087 | D:3      | Found a large runed translucent door.
  3087 | D:3      | Found a large runed translucent door.
  3088 | D:3      | Noticed daba11's ghost (weakling MiBe)
  3223 | D:3      | Noticed Terence
  3237 | D:3      | Killed Terence
  3243 | D:3      | Learned a level 4 spell: Flame Wave
  3548 | D:3      | Noticed Ijyb
  3618 | D:3      | Killed Ijyb
  4374 | D:3      | Killed daba11's ghost
  4636 | D:4      | Reached XP level 7. HP: 36/36 MP: 6/13
  4816 | D:4      | Reached skill level 5 in Conjurations
  5171 | D:4      | Found Gipog's Antique Armour Emporium.
  5257 | D:4      | Found a staircase to the Ecumenical Temple.
  5266 | Temple   | Entered the Ecumenical Temple
  5293 | Temple   | Became a worshipper of Vehumet
  5483 | D:4      | Reached XP level 8. HP: 41/41 MP: 0/15
  5869 | D:5      | Entered Level 5 of the Dungeon
  6458 | D:5      | Reached skill level 1 in Shields
  6668 | D:5      | Reached skill level 1 in Fighting
  6668 | D:5      | Reached skill level 1 in Armour
  6839 | D:6      | Noticed Maggie
  6923 | D:5      | Killed Maggie
  6924 | D:5      | Reached skill level 5 in Spellcasting
  6924 | D:5      | Reached XP level 9. HP: 11/48 MP: 3/17
  7296 | D:6      | Reached * piety under Vehumet
  7296 | D:6      | Offered knowledge of Shock by Vehumet.
  7651 | D:6      | Noticed Prince Ribbit
  7658 | D:6      | Killed Prince Ribbit
  8353 | D:7      | Noticed Pikel
  8355 | D:7      | Noticed a seven-headed hydra
  8723 | D:7      | Found a broken altar of Ashenzari.
  8733 | D:7      | Killed a seven-headed hydra
  8734 | D:7      | Reached skill level 5 in Shields
  8734 | D:7      | Reached XP level 10. HP: 29/56 MP: 8/19
  9133 | D:7      | Reached ** piety under Vehumet
  9133 | D:7      | Offered knowledge of Searing Ray by Vehumet.
  9924 | D:7      | Offered knowledge of Dazzling Flash by Vehumet.
 10168 | D:7      | Found a bloodstained altar of Trog.
 10238 | D:7      | Found a shimmering blue altar of Sif Muna.
 10244 | D:7      | Got Sif Muna's Quarto of the Commander and Pestilence
 10424 | D:7      | Reached skill level 5 in Dodging
 10891 | D:7      | Killed Pikel
 11176 | D:8      | Noticed Maurice
 11177 | D:8      | Noticed Grum
 11504 | D:8      | Found a staircase to the Lair.
 11599 | D:8      | Killed Maurice
 11867 | D:8      | Killed Grum
 11868 | D:8      | Reached skill level 5 in Armour
 11874 | D:8      | Noticed Psyche
 11881 | D:8      | Killed Psyche
 12020 | D:8      | Reached *** piety under Vehumet
 12116 | D:8      | Found a basalt altar of Yredelemnul.
 12157 | D:8      | Found Qicwei's Distillery.
 12171 | D:8      | Bought a potion of invisibility for 104 gold pieces
 12171 | D:8      | Bought a potion of curing for 39 gold pieces
 12171 | D:8      | Bought a potion of heal wounds for 65 gold pieces
 12586 | D:9      | Reached XP level 11. HP: 62/62 MP: 18/22
 12661 | D:9      | Reached skill level 5 in Fighting
 12672 | D:9      | Offered knowledge of Sticky Flame by Vehumet.
 12980 | D:9      | Noticed a two-headed ogre
 13016 | D:9      | Killed a two-headed ogre
 13065 | D:9      | Reached skill level 10 in Fire Magic
 13183 | D:9      | Found Ykiesul's Neck Hole.
 13330 | D:9      | Found an iron altar of Okawaru.
 13420 | Lair:1   | Entered Level 1 of the Lair of Beasts
 14316 | Lair:1   | Reached skill level 10 in Conjurations
 15192 | D:8      | Learned a level 3 spell: Mephitic Cloud
 15438 | Lair:2   | Reached **** piety under Vehumet
 15744 | Lair:2   | Reached XP level 12. HP: 28/71 MP: 24/24
 16080 | Lair:2   | Offered knowledge of Ignite Poison by Vehumet.
 18676 | Lair:2   | Slain by an elephant

Illustrated notes

Levels and vault maps discovered:
D:1:      lightli_arrival_boilingwater, layout_loops_ring,
          dreamdust_ecumenical_altar_grove
D:2:      layout_basic, uniq_robin
D:3:      layout_basic, tso_metal_star, ebering_ghost_disaster_area,
          grunt_ministairs_2, amethyst_killhole, uniq_ijyb, uniq_sigmund,
          uniq_terence
D:4:      layout_basic, minmay_temple_entry_junction, serial_shops, shop
D:5:      layout_basic, minmay_checkerbox
D:6:      layout_loops_ring, uniq_maggie, uniq_prince_ribbit1
D:7:      lemuel_ratsnest, layout_layer_cave,
          nzn_overflow_gifts_of_might_and_magic, lemuel_doored_altar,
          minmay_manual_mail, uniq_pikel
D:8:      layout_loops_ring, yredelemnul_altar_generic, lair_entry_dummy,
          serial_shops, nicolae_shop_waterfront, uniq_psyche, uniq_maurice,
          uniq_grum
D:9:      layout_rooms, okawaru_altar_gauntlet_db, interstate_on_off,
          nicolae_shop_sticking_my_neck_out
Temple:   nicolae_temple_superstar
Lair:1:   layout_misc_corridors, nicolae_quartered_pool_medium,
          beast_lair_carwin_10, serial_bayou_shore_b, lemuel_fruit_fields,
          serial_bayou_shore_a
Lair:2:   layout_cave_pods, nicolae_lair_lindhole
Lair:3:   statuecave_lemuel, layout_gridlike, swamp_mist,
          minmay_snake_entry_guardpost_small, beast_lair_carwin_7,
          grunt_megastairs_2, lemuel_fruit_fields, lemuel_fruit_fields

Skill      XL: |  1  2  3  4  5  6  7  8  9 10 11 12 |
---------------+-------------------------------------+-----
Conjurations   | 2 4 5 6 7 9 10 11 | 11.5
Fire Magic     | 4 5 6 7 8 9 10 11 | 11.4
Spellcasting   | 3 4 5 6 7 8 |  8.4
Shields        | 2 5 |  5.0
Fighting       | 1 3 4 6 7 |  7.4
Armour         | 2 3 5 6 7 |  7.0
Dodging        | 3 4 5 7 |  7.5
Stealth        | |  2.0

Action                   |  1- 3 |  4- 6 |  7- 9 | 10-12 || total
-------------------------+-------+-------+-------+-------++-------
Melee: Unarmed           |     3 |       |       |       ||     3
       Staff             |    28 |    17 |     3 |       ||    48
       Kick              |    13 |     4 |    11 |    53 ||    81
       Peck              |     3 |     3 |    10 |    39 ||    55
       Punch             |       |     1 |       |       ||     1
       Morningstar       |       |       |    44 |   126 ||   170
 Cast: Foxfire           |    37 |    51 |    59 |   163 ||   310
       Scorch            |    10 |    35 |   108 |   242 ||   395
       Flame Wave        |       |       |       |    20 ||    20
       Mephitic Cloud    |       |       |       |     5 ||     5
  Use: Scroll            |       |       |     4 |    14 ||    18
       Potion            |       |       |       |     2 ||     2
 Stab: Confused          |       |       |       |     3 ||     3
Armor: Robe              |    11 |     2 |       |       ||    13
       Leather armour    |       |     5 |     1 |       ||     6
       Acid dragon scale |       |       |    26 |   118 ||   144
Dodge: Dodged            |    27 |    21 |    60 |   271 ||   379
Block: Buckler           |       |       |    24 |   101 ||   125
